Map: Waterfall

Players

Kelazhur

  • Race: Terran Terran
  • League: Master
  • Spawn Location: 7:00

Reynor - Winner!

  • Race: Zerg Zerg
  • League: Master
  • Spawn Location: 1:00

VOD

Have the link to the VOD?

Description

Time

  • Played on: Oct. 19, 2022, 4:03 p.m.
  • Length: 7:45
Show
View Real Time Build Order
Export as new Build Order

Kelazhur Terran 

Build Orders: Reaper Expand 

Get SALT Encoding   

  12  0:00  SCV  
  13  0:12  SCV  
  14  0:17  Supply Depot  
  14  0:25  SCV  
  15  0:38  SCV  
  15  0:39  Barracks  
  16  0:43  Refinery  
  16  0:50  SCV  
  17  1:02  SCV  
  18  1:14  SCV  
  19  1:26  Reaper  
  19  1:27  Orbital Command  
  20  1:40  Command Center  
  20  1:48  Supply Depot  
  20  1:52  SCV  
  21  1:58  Marine  
  22  2:04  SCV  
  23  2:09  Factory  
  23  2:16  SCV  
  23  2:20  Barracks Reactor  
  24  2:23  Refinery  
  24  2:28  SCV  
  25  2:40  SCV  
  26  2:52  SCV, Orbital Command  
  26  2:55  Starport  
  26  3:04  Hellion x2  
  26  3:05  SCV  
  31  3:09  Barracks Tech Lab  
  31  3:17  SCV, Bunker  
  32  3:20  SCV  
  33  3:28  Hellion  
  33  3:29  SCV  
  34  3:34  Marauder  
  34  3:38  Hellion  
  34  3:39  SCV  
  36  3:46  SCV  
  36  3:54  SCV  
  28  3:56  Marauder  
  28  3:58  SCV  
  27  4:06  SCV  
  24  4:10  SCV  
  22  4:18  SCV  
  22  4:22  SCV  
  22  4:30  SCV  
  20  4:34  SCV  
  21  4:42  SCV, Marine  
  21  4:44  Raven  
  25  4:47  SCV  
  26  4:54  SCV  
  26  4:55  Command Center  
  26  4:59  SCV, Marine  
  28  5:03  Factory Reactor  
  28  5:06  SCV  
  30  5:11  SCV  
  31  5:18  SCV  
  31  5:20  Barracks Tech Lab  
  32  5:22  Barracks  
  32  5:23  SCV  
  33  5:30  SCV  
  33  5:35  SCV  
  35  5:39  Barracks  
  35  5:41  Hellion x2, Marine  
  35  5:42  Stimpack  
  40  5:43  SCV  
  40  5:47  SCV  
  40  5:48  Supply Depot  
  42  5:55  SCV  
  43  6:01  SCV  
  40  6:08  Marine  
  40  6:10  Marine  
  36  6:13  Hellion  
  34  6:20  Orbital Command  
  34  6:25  SCV  
  35  6:26  Marine  
  36  6:37  SCV  
  36  6:39  Starport Reactor  
  37  6:48  Marine  
  37  6:49  SCV, Marine x3  
  42  6:55  SCV  
  43  7:01  SCV  
  43  7:07  SCV  
  45  7:11  Siege Tank  
  45  7:13  SCV, Marine x2  
  45  7:19  SCV  
  33  7:25  SCV  
  15  7:31  SCV  
Show
View Real Time Build Order
Export as new Build Order

Reynor Zerg - Winner!

Build Orders: Pool First 

Get SALT Encoding   

  12  0:00  Drone  
  13  0:12  Overlord  
  13  0:16  Drone  
  14  0:33  Drone x2  
  16  0:40  Spawning Pool  
  15  0:44  Drone  
  15  0:47  Drone  
  17  1:09  Hatchery  
  16  1:11  Drone  
  16  1:16  Extractor  
  16  1:27  Zergling x4  
  16  1:28  Zergling x2  
  19  1:36  Roach Warren  
  19  1:38  Drone  
  19  1:48  Queen  
  21  1:57  Overlord  
  21  2:18  Roach x2  
  21  2:20  Roach  
  21  2:22  Roach  
  29  2:32  Roach  
  29  2:36  Drone  
  32  2:42  Overlord  
  32  2:44  Drone  
  33  2:54  Drone x2  
  35  2:59  Overlord  
  35  3:02  Ravager  
  35  3:04  Drone  
  36  3:10  Drone  
  37  3:13  Drone  
  37  3:16  Drone  
  37  3:18  Drone  
  40  3:23  Ravager  
  40  3:25  Drone  
  41  3:27  Drone  
  41  3:32  Drone  
  42  3:37  Drone  
  42  3:38  Drone x2  
  45  3:43  Queen  
  45  3:47  Drone  
  48  3:56  Drone x3  
  48  3:59  Ravager  
  48  4:01  Overlord  
  49  4:04  Drone  
  46  4:11  Drone x2  
  46  4:14  Overlord  
  48  4:17  Drone x2  
  48  4:20  Queen  
  49  4:31  Hatchery  
  48  4:33  Metabolic Boost  
  48  4:38  Queen  
  48  4:44  Overlord  
  47  4:47  Zergling x10  
  47  4:50  Zergling x6  
  55  4:58  Zergling x2  
  55  4:59  Zergling x2  
  59  5:04  Lair  
  59  5:05  Zergling x4  
  59  5:07  Zergling x2  
  59  5:11  Zergling x4, Extractor  
  59  5:14  Queen  
  61  5:20  Overlord  
  63  5:21  Zergling x6  
  63  5:28  Zergling x2  
  67  5:32  Zergling x2  
  67  5:34  Overlord  
  68  5:37  Overlord  
  68  5:39  Zergling x4  
  68  5:42  Pneumatized Carapace  
  70  5:43  Zergling x2  
  70  5:46  Zergling x2  
  72  5:50  Zergling x2  
  72  5:51  Zergling x4  
  72  5:53  Queen  
  72  5:55  Zergling x2  
  72  5:57  Zergling x2  
  79  6:03  Zergling x2  
  79  6:04  Zergling x2  
  79  6:05  Zergling x6  
  79  6:10  Zergling x2  
  77  6:11  Queen  
  77  6:17  Drone x2  
  80  6:18  Drone  
  80  6:23  Drone  
  80  6:26  Overlord  
  80  6:30  Drone  
  81  6:34  Roach x2  
  81  6:35  Roach  
  81  6:36  Overlord  
  87  6:40  Roach  
  87  6:41  Drone  
  86  6:48  Roach  
  86  6:50  Drone x2  
  90  6:55  Overlord  
  90  7:03  Drone x3  
  90  7:04  Overlord  
  92  7:13  Roach x3  
  92  7:14  Roach x2  
  92  7:15  Drone  
  96  7:20  Drone  
  96  7:21  Drone x2  
  91  7:24  Drone x2, Ravager x3  
  91  7:26  Drone  
Tags
 
Add a new tag
Caveats
  • Supply blocks, unpowered buildings, or Contaminate may cause inaccurate times.
  • Supply counts are checked every 10 seconds.